 Dungeon Crawl Stone Soup version 0.29.1-15-g9cfb28693d (webtiles) character file.

Game seed: 7086822095245962049

302 suddenkill21 the Chopper (level 6, 0/39 HPs)
             Began as a Gargoyle Fighter on Apr 19, 2023.
             Killed from afar by an orc wizard (9 damage)
             ... with a puff of flame
             ... on level 4 of the Dungeon.
             The game lasted 00:12:14 (3629 turns).

suddenkill21 the Chopper (Gargoyle Fighter)         Turns: 3629, Time: 00:12:44

Health: 0/39       AC: 12    Str: 20 (22) XL:     6   Next: 37%
Magic:  6/6        EV:  9    Int:  5 (8)  God:
Gold:   221        SH:  4    Dex:  6 (9)  Spells: 5/5 levels left

rFire   . . .      SeeInvis .   y - +0 broad axe
rCold   . . .      Faith    .   c - +0 buckler
rNeg    + . .      Spirit   .   b - +0 scale mail
rPois   ∞          Reflect  .   (no helmet)
rElec   +          Harm     .   (no cloak)
rCorr   .          Rampage  .   (no gloves)
Will    .....                   o - +0 pair of boots
Stlth   ..........              g - amulet of magic regeneration
HPRegen 0.13/turn               j - ring of flight
MPRegen 0.50/turn               (no ring)

@: flying
A: sickness immunity, AC +4, negative energy resistance 1, electricity
resistance, torment resistance 1, petrification resistance
a: no special abilities


You were on level 4 of the Dungeon.
You visited 1 branch of the dungeon, and saw 5 of its levels.

You collected 221 gold pieces.

Inventory:

Hand Weapons
 a - a +0 war axe
 y - a +0 broad axe (weapon)
Armour
 b - a +0 scale mail (worn)
 c - a +0 buckler (worn)
 k - a +0 ring mail
 n - a +0 ring mail
 o - a +0 pair of boots (worn)
Jewellery
 g - an amulet of magic regeneration (around neck)
 j - a ring of flight (left hand)
Scrolls
 e - 2 scrolls of poison
 f - a scroll of immolation
 h - a scroll of silence {unknown}
 i - a scroll of magic mapping
 l - a scroll of blinking {unknown}
 p - a scroll of noise {unknown}
 r - 3 scrolls of teleportation {unknown}
 s - a scroll of vulnerability {unknown}
 t - 3 scrolls of identify {unknown}
 u - a scroll of enchant weapon {unknown}
 w - a scroll of enchant armour {unknown}
 A - a scroll of torment {unknown}
Potions
 d - 2 potions of might
 m - a potion of haste {unknown}
 q - a potion of attraction {unknown}
 v - 3 potions of degeneration
 x - a potion of curing {unknown}
 z - a potion of brilliance {unknown}


   Skills:
 * Level 4.5 Fighting
 * Level 4.6 Axes
 - Level 3.9 Armour
 - Level 0.5 Dodging
 - Level 3.8 Shields


You had 5 spell levels left.
You didn't know any spells.
Your spell library was empty.

Dungeon Overview and Level Annotations

Branches:
Dungeon (5/15)
 Temple: D:4-7

Altars:
Sif Muna


Innate Abilities, Weirdness & Mutations

You are immune to sickness and miasma.
Your stone body is resilient. (AC +4)
You are immune to poison.
You resist negative energy. (rN+)
You are resistant to electric shocks. (rElec)
You are resistant to unholy torment.
You are immune to petrification.


Message History

The orc wizard flickers and vanishes!
Deactivating autopickup; reactivate with Ctrl-A.
The orc priest calls down the wrath of Beogh upon you.
Beogh smites you!
You hear some strange, mumbled words.
A puff of flame appears from out of thin air!
The puff of flame misses you.
The orc priest mumbles some strange prayers to Beogh against you.
You hear some strange, mumbled words.
You are confused.
You bump into the rock wall.
Something hits you but does no damage.
The orc priest mumbles some strange prayers to Beogh against you.
Beogh smites you!
You're too confused to move!
You bump into the rock wall.
Something hits you but does no damage.
You bump into the rock wall.
The orc priest completely misses you. Something hits you but does no damage.
You slash the orc priest!
The orc priest is almost dead.
You closely miss something.
You feel less confused. Something hits you but does no damage.
The orc priest mumbles some strange prayers to Beogh against you.
Beogh smites you!
* * * LOW HITPOINT WARNING * * *
The air fills with toxic fumes!
As you read the scroll of poison, it crumbles to dust.
Something hits you but does no damage. The orc priest closely misses you.
It was a potion of degeneration.
There was something very wrong with that liquid.
You feel weakened.
You feel dopey.
You feel clumsy.
The orc priest miscasts a cantrip.
Something hits you but does no damage.
You slash the orc priest!
You kill the orc priest!
You barely miss something. Something hits you but does no damage.
You hear some strange, mumbled words.
A puff of flame appears from out of thin air!
The puff of flame hits you!
You die...

###...## #†# #.# ****_*
# ##..# #.# #§#
*****,,,,** # #..# #.#
#§# *,,,,,,,,,, # #..#
#.# #§# *,****,***, #
*,,* #.# #§# *,****,***,
# #..# #.# #§#
*,,,,,,,,,, # #..# #.#
#.# *,**,***,** #..#
#§#####o# *,,,,,,,,,,
#..# #§§§§§{@#
*,**,*,**,* #..#
#########*****,**,,,,,,,
#..#
*,,<,,,,,,,,,,,,*,*,,,
##..#
*,********,*,**,*,,,,,
#...# *,* *,,,**,,,*,,,
###..## *,*
***,**,*,*,*, .....# *,*
*,,,,*,,,,, ###.## *,*
*,**,*,*,** ###.#####
*,* *,**,,,,,,,


You could see an orc.

Vanquished Creatures
  A scorpion (D:4)
  An orc priest (D:4)
  A jelly (D:4)
  An orc wizard (D:4)
  4 gnolls
  8 adders
  An ufetubus (D:4)
  A worm (D:4)
  3 dart slugs
  5 orcs
  3 ball pythons
  2 bats
  4 endoplasms
  3 giant cockroaches (D:1)
  3 goblins
  7 hobgoblins
  4 quokkas
  4 frilled lizards
  3 kobolds
  5 rats (D:2)
64 creatures vanquished.

Vanquished Creatures (others)
  11 fungi (D:3)
11 creatures vanquished.

Grand Total: 75 creatures vanquished

Notes
Turn   | Place    | Note
-------+----------+-------------------------------------------
     0 | D:1      | suddenkill21 the Gargoyle Fighter began the quest for the
                  | Orb.
     0 | D:1      | Reached XP level 1. HP: 14/14 MP: 1/1
   221 | D:1      | Found a faded altar of an unknown god.
   354 | D:1      | Reached XP level 2. HP: 17/19 MP: 2/2
   833 | D:2      | Reached XP level 3. HP: 13/24 MP: 3/3
  1332 | D:2      | Reached XP level 4. HP: 28/29 MP: 4/4
  2283 | D:3      | Found a shimmering blue altar of Sif Muna.
  2504 | D:4      | Reached XP level 5. HP: 13/33 MP: 5/5
  3039 | D:5      | Entered Level 5 of the Dungeon
  3389 | D:5      | Reached XP level 6. HP: 24/39 MP: 6/6
  3629 | D:4      | Killed from afar by an orc wizard

Illustrated notes

Levels and vault maps discovered:
D:1:      heliophobic_arrival_glass_houses, layout_rooms,
          hellmonk_ecumenical_altar_run_dry
D:2:      cheibrodos_helix_gallery, layout_basic, minmay_tall_x
D:3:      layout_basic, mainiacjoe_overflow_cross_hatched
D:4:      layout_loops_ring, overflow_temple_1_default, general_overflow_altar,
          minmay_diced_spiral
D:5:      corexii_shantytown, layout_basic, gammafunk_temple_overflow_wave,
          minmay_checkerbox

Skill      XL: |  1  2  3  4  5 |
---------------+----------------+-----
Axes           | 2 3 4 |  4.6
Fighting       | 4 |  4.5
Armour         | |  3.9
Dodging        | |  0.5
Shields        | |  3.8

Action                   |  1- 3 |  4- 6 || total
-------------------------+-------+-------++-------
Melee: War axe           |    91 |    51 ||   142
       Broad axe         |       |   109 ||   109
  Use: Scroll            |     1 |     3 ||     4
       Potion            |       |     1 ||     1
Armor: Scale mail        |    15 |    98 ||   113
       Ring mail         |    33 |       ||    33
Dodge: Dodged            |    49 |    87 ||   136
Block: Buckler           |    24 |    46 ||    70
